 Dungeon Crawl Stone Soup version 0.28-a0-687-gb91baff9cc (webtiles) character file.

Game seed: 8662832354740587686

4132 acebull12 the Thaumaturge (level 10, -1/69 HPs)
             Began as a Djinni Air Elementalist on Oct 20, 2021.
             Was a Follower of Makhleb.
             Slain by a troll zombie (3 damage)
             ... on level 9 of the Dungeon.
             The game lasted 00:30:24 (10624 turns).

acebull12 the Thaumaturge (DjAE)                   Turns: 10624, Time: 00:30:24

Health: -1/69      AC:  4    Str:  7    XL:     10   Next: 51%
Gold:   524        EV: 12    Int: 20    God:    Makhleb [*.....] SH:  0 Dex: 14

rFire   + + .      SeeInvis .   j - +3 short sword
rCold   x . .      Faith    .   (no shield)
rNeg    . . .      Spirit   .   m - +0 leather armour
rPois   ∞          Reflect  .   x - +0 helmet
rElec   .          Harm     .   (no cloak)
rCorr   .          Rampage  .   (no gloves)
Will    +....                   (boots unavailable)
Stlth   ++........              (no amulet)
HPRegen 0.21/turn               (no ring)
MPRegen 0.00/turn               (no ring)

@: flying
A: sickness immunity, fire resistance 2, cold vulnerability 1, float, innate
caster, hp casting, extra vitality 1
a: Renounce Religion


You were on level 9 of the Dungeon.
You worshipped Makhleb.
Makhleb was aware of your devotion.
You visited 2 branches of the dungeon, and saw 10 of its levels.

You collected 524 gold pieces.

Inventory:

Hand Weapons
 b - a +1 dagger of venom
 j - a +3 short sword (weapon)
Armour
 m - a +0 leather armour (worn)
 x - a +0 helmet (worn)
Magical Staves
 k - a staff of earth
Jewellery
 r - a +6 ring of dexterity
Wands
 g - a wand of digging (4)
 v - a wand of iceblast (9)
 y - a wand of flame (24)
Scrolls
 a - 3 scrolls of blinking {unknown}
 c - a scroll of enchant armour
 e - a scroll of teleportation
 l - a scroll of identify
 t - a scroll of amnesia {unknown}
Potions
 d - a potion of cancellation {unknown}
 f - a potion of brilliance
 h - 2 potions of berserk rage {unknown}
 i - 2 potions of might
 n - 2 potions of heal wounds {unknown}
 o - a potion of attraction {unknown}
 p - 2 potions of ambrosia
 q - 2 potions of lignification
 s - a potion of haste
 u - 2 potions of curing
 w - a potion of mutation {unknown}


   Skills:
 * Level 4.5 Fighting
 + Level 0.7 Short Blades
 + Level 2.3 Armour
 + Level 2.7 Dodging
 - Level 1.9 Stealth
 * Level 10.6 Spellcasting


You had 11 spell levels left.
You knew the following spells:

 Your Spells              Type           Power      Damage    Failure   Level
a - Shock                 Conj/Air       100%       1d9       1%          1
b - Static Discharge      Conj/Air       52%        N/A       1%          2
c - Swiftness             Air            52%        N/A       1%          3
d - Airstrike             Air            26%        N/A       1%          4
e - Freeze                Ice            100%       1d11      1%          1
f - Searing Ray           Conj           100%       2d8       1%          2
g - Lesser Beckoning      Tloc           52%        N/A       1%          3
h - Vampiric Draining     Necr           26%        2d9       1%          3
Your spell library was empty.

Dungeon Overview and Level Annotations

Branches:
Dungeon (9/15)             Temple (1/1) D:6             Orc (0/2) D:9
   Lair: D:8-11

Altars:
Cheibriados
Dithmenos
Fedhas
Gozag
Hepliaklqana
Makhleb
Okawaru
Wu Jian
Yredelemnul
Zin

Annotations:
D:9 Pikel


Innate Abilities, Weirdness & Mutations

You are immune to sickness and miasma.
You are immune to poison.
Your flesh is very heat resistant. (rF++)
You are vulnerable to cold. (rC-)
You float through the air rather than walking.
You learn spells naturally, not from books.
Your magical power is your life essence.
You have superior vitality. (+4 HP)


Message History

The ogre zombie is struck by an arc of lightning.
The ogre zombie is severely damaged.
The lightning grounds out.
The ogre zombie is struck by an arc of lightning.
The ogre zombie is almost destroyed.
The ogre zombie is struck by an arc of lightning.
The ogre zombie is almost destroyed.
The ogre zombie is struck by an arc of lightning!
The ogre zombie is almost destroyed.
The lightning grounds out.
The lemure shouts!
You hear a shout! x3
A troll zombie comes into view.
An orc skeleton comes into view.
The ogre zombie misses you.
Casting: Static Discharge (safe; 1% risk of failure)
Confirm with . or Enter, or press ? or * to list all spells.
The ogre zombie is struck by an arc of lightning!
You destroy the ogre zombie!
Makhleb accepts your kill.
The lightning grounds out.
The ogre zombie is struck by an arc of lightning.
You destroy the ogre zombie!
Makhleb accepts your kill.
You feel better.
You are struck by an arc of lightning.
You puncture the ogre zombie!
The ogre zombie is almost destroyed.
The troll zombie bites you!
* * * LOW HITPOINT WARNING * * *
The troll zombie claws you.
* * * LOW HITPOINT WARNING * * *
The troll zombie closely misses you.
An orc zombie comes into view. x2
The ogre zombie closely misses you.
You hit the ogre zombie.
You destroy the ogre zombie!
Makhleb accepts your kill.
Pikel the Slaver comes into view.
He is wielding a +1 whip of flaming and carrying a wand of iceblast (10).
The troll zombie barely misses you. The troll zombie claws you.
* * * LOW HITPOINT WARNING * * *
The troll zombie claws you.
You die...

# #. #..
##...####
...8....#
..Z...Z@#
..Z...Z.#
...5....#
.........#
..........
K..>...8..##
.........#<#
...ZZ....#.#
..#


You could see Pikel (wandering), a lemure, 2 orc zombies, 3 troll zombies and an
orc skeleton.

Vanquished Creatures
  A hydra (D:7)
  5 yaks (D:8)
  A steam dragon (D:8)
  A water moccasin (D:8)
  Duvessa (D:4)
  An ice beast (D:7)
  A black bear (D:6)
  An ogre (D:4)
  A necrophage (D:6)
  3 phantoms (D:9)
  4 bullfrogs
  3 scorpions (D:4)
  A gnoll sergeant (D:8)
  Dowan (D:4)
  A water moccasin skeleton (D:2)
  11 killer bees
  2 hounds
  2 jellies
  A gnoll shaman (D:6)
  A centaur zombie (D:8)
  A centaur skeleton (D:4)
  An orc priest (D:3)
  2 bullfrog skeletons
  Natasha (thrice) (D:2)
  4 iguanas
  An orc wizard (D:3)
  3 ogre zombies (D:9)
  12 gnolls
  9 adders
  2 white imps
  2 adder skeletons
  4 dart slugs
  21 orcs
  6 endoplasms
  5 giant cockroaches
  2 goblins
  A hobgoblin (D:4)
  4 jackals (D:1)
  6 quokkas
  5 ball pythons
  4 bats
  4 frilled lizards
  A goblin skeleton (D:9)
  3 goblin zombies (D:9)
  A hobgoblin zombie (D:9)
  2 kobolds
  2 orc skeletons (D:9)
  8 orc zombies (D:9)
  7 rats
169 creatures vanquished.

Vanquished Creatures (others)
  14 fungi
  5 plants
  4 toadstools (D:1)
23 creatures vanquished.

Grand Total: 192 creatures vanquished

Notes
Turn   | Place    | Note
-------+----------+-------------------------------------------
     0 | D:1      | acebull12 the Djinni Air Elementalist began the quest for
                  | the Orb.
     0 | D:1      | Reached XP level 1. HP: 15/15 MP: 0/0
   429 | D:1      | Reached XP level 2. HP: 17/21 MP: 0/0
   981 | D:1      | Reached XP level 3. HP: 16/26 MP: 0/0
   981 | D:1      | Learned a level 1 spell: Freeze
  1276 | D:1      | Reached skill level 3 in Spellcasting
  1566 | D:2      | Reached skill level 1 in Fighting
  1760 | D:2      | Reached XP level 4. HP: 30/32 MP: 0/0
  1789 | D:2      | Noticed Natasha
  1794 | D:2      | Killed Natasha
  2127 | D:2      | Noticed Natasha
  2133 | D:2      | Killed Natasha
  2134 | D:2      | Reached XP level 5. HP: 15/37 MP: 0/0
  2134 | D:2      | Learned a level 2 spell: Searing Ray
  2398 | D:2      | Reached skill level 4 in Spellcasting
  2711 | D:2      | Noticed Natasha
  2714 | D:2      | Killed Natasha
  2715 | D:2      | Reached XP level 6. HP: 29/43 MP: 0/0
  3816 | D:3      | Reached skill level 5 in Spellcasting
  3972 | D:3      | Found a faded altar of an unknown god.
  4386 | D:4      | Noticed Duvessa
  4386 | D:4      | Noticed Dowan
  4395 | D:4      | Killed Duvessa
  4396 | D:4      | Reached XP level 7. HP: 17/49 MP: 0/0
  4396 | D:4      | Learned a level 3 spell: Lesser Beckoning
  4402 | D:4      | Killed Dowan
  4905 | D:4      | Reached skill level 6 in Spellcasting
  4988 | D:4      | Reached XP level 8. HP: 49/55 MP: 0/0
  5488 | D:5      | Entered Level 5 of the Dungeon
  5588 | D:5      | Reached skill level 7 in Spellcasting
  6582 | D:6      | Found a staircase to the Ecumenical Temple.
  6598 | Temple   | Entered the Ecumenical Temple
  6625 | Temple   | Became a worshipper of Makhleb the Destroyer
  7095 | D:6      | Reached XP level 9. HP: 55/60 MP: 0/0
  7095 | D:6      | Learned a level 3 spell: Vampiric Draining
  7365 | D:6      | Reached skill level 1 in Armour
  7366 | D:6      | Reached skill level 8 in Spellcasting
  7747 | D:7      | Noticed an eight-headed hydra
  7754 | D:7      | Killed an eight-headed hydra
  7755 | D:7      | Reached skill level 9 in Spellcasting
  8802 | D:8      | Reached XP level 10. HP: 58/67 MP: 0/0
  9273 | D:8      | Reached skill level 10 in Spellcasting
  9289 | D:8      | Reached * piety under Makhleb
  9599 | D:8      | Found a blossoming altar of Fedhas.
 10599 | D:9      | Found a staircase to the Orcish Mines.
 10624 | D:9      | Noticed Pikel
 10624 | D:9      | HP: 2/69 [troll zombie (3)]
 10624 | D:9      | Slain by a troll zombie

Illustrated notes

Levels and vault maps discovered:
D:1:      saegor_arrival_simple_a, layout_rooms, minmay_gold_behind_fungi,
          minmay_strange_pillars, moated_statue
D:2:      layout_basic, uniq_natasha
D:3:      layout_rooms, chequers_ecumenical_altar_simple_redux,
          item_on_display_a
D:4:      layout_basic, serial_bayou_pond_c, uniq_duvessa
D:5:      layout_rooms, minmay_crystal_water
D:6:      layout_basic, temple_statues
D:7:      layout_layer_cave
D:8:      layout_layer_cave, fedhas_altar_3, minmay_misc_feat_secret_circle
D:9:      layout_basic, zombieorc2_lemuel, st_stairs_10, uniq_pikel
Temple:   compressed_dpeg_triangle_lava_temple

Skill      XL: |  1  2  3  4  5  6  7  8  9 10 |
---------------+-------------------------------+-----
Spellcasting   | 3 4 5 6 7 9 10 | 10.6
Fighting       | 1 2 3 4 |  4.5
Armour         | 1 2 |  2.3
Short Blades   | |  0.7
Dodging        | |  2.7
Stealth        | |  1.9

Action                   |  1- 3 |  4- 6 |  7- 9 | 10-12 || total
-------------------------+-------+-------+-------+-------++-------
Melee: Dagger            |     7 |     5 |       |       ||    12
       Short sword       |       |       |     8 |     2 ||    10
 Cast: Shock             |    66 |    55 |   109 |    10 ||   240
       Freeze            |     4 |     6 |     3 |       ||    13
       Searing Ray       |       |    13 |    11 |    10 ||    34
       Airstrike         |       |     1 |    38 |    34 ||    73
       Static Discharge  |       |       |     1 |     6 ||     7
       Vampiric Draining |       |       |       |     1 ||     1
Evoke: Wand              |       |       |       |     1 ||     1
  Use: Scroll            |       |       |     9 |     2 ||    11
Armor: Robe              |     4 |     2 |       |       ||     6
       Leather armour    |       |       |     1 |    10 ||    11
Dodge: Dodged            |     8 |    14 |    18 |    33 ||    73

Table legend: (Time is in decaauts)
 A = Elapsed time spent in this place.
 B = Non-inter-level travel time spent in this place.
 C = Inter-level travel time spent in this place.
 D = Time resting spent in this place.
 E = Time spent auto-exploring this place.
 F = Levels seen in this place.
 G = Mean time per level.
                   A        B        C        D        E       F      G
               +--------+--------+--------+--------+--------+-----+--------+
         Total |  10629 |  10211 |    418 |   1529 |   7584 |  10 | 1062.9 |
       Dungeon |  10592 |  10182 |    410 |   1529 |   7569 |   9 | 1176.9 |
        Temple |     36 |     28 |      8 |      0 |     15 |   1 |   36.0 |
               +--------+--------+--------+--------+--------+-----+--------+

Top non-repeatable levels by time:
     D:2: 2171 daAuts
     D:8: 2003 daAuts
     D:1: 1417 daAuts
     D:6: 1132 daAuts
     D:4: 1101 daAuts
     D:7: 1082 daAuts
     D:5: 859 daAuts
     D:3: 796 daAuts
  Temple: 36 daAuts
     D:9: 27 daAuts
